Unix NetHack Version 3.7.0-59 Work-in-progress - last build May 27 2022 13:05:58 (8500ec8471030ebd41fc3e2ff99709a52330cc4d,branch:master). Game began 2022-05-27 15:37:02, ended 2022-05-28 08:43:17. rustyspoon, neutral female human Monk --- ------.-- ---..|....- -...........| ---- |..^.---....- --- |...---- -...| ----- --.----- |..%.|.---...| # ---- -.. |...|[.-- |....%......-# -#-- |..| ---... ---.....--- --.......%...[-#------ --..---..| --.....| |.......-- --.. |....................| -.....|...---......| --......).-- ---.... |.......|.......-##-.#-..............|....| |%.-.....31| ..--....... |.--.....-----.....--#|............-------.|.| |....-----%|-.......<... |.........------......#--.........-- --|.| |.---- |.||.....--.| . --........... ........| ---......-- |.| |.| |.--.>...|--- ---.%....--- -----..^| |......| |.| --.| --........---- |......| ---.- |....--- |.| |..| |............| --.....-- |..| |.----- |.| --.-- |....).^.....| |......| -..| |.....-- |.---..| .....aN.....- --.....| .. ----...| |.....-- -...@.......| --%|.-- --.-- ----..| --.--.----- ----- --- ---- - --- Rustyspoon the Initiate St:18/02 Dx:13 Co:14 In:11 Wi:14 Ch:8 Neutral Dlvl:9 $:142 HP:0(64) Pw:64(64) AC:0 Exp:9 T:8382 Latest messages: You produce a strange whistling sound. Purrminator shifts location. You produce a strange whistling sound. Purrminator shifts location. You produce a strange whistling sound. Purrminator appears. You produce a strange whistling sound. Purrminator appears. You produce a strange whistling sound. Purrminator shifts location. You produce a strange whistling sound. Purrminator shifts location. You produce a strange whistling sound. Purrminator shifts location. You produce a strange whistling sound. Purrminator shifts location. You produce a strange whistling sound. Purrminator appears. The giant bat turns into a guardian naga! You produce a strange whistling sound. Purrminator shifts location. The guardian naga bites! You produce a strange whistling sound. Purrminator shifts location. Pick an object. The guardian naga bites! You hit the guardian naga! The guardian naga bites! You hit the guardian naga! You miss the guardian naga. Purrminator drops a bow. The guardian naga bites! You hit the guardian naga! The guardian naga bites! You hit the guardian naga! The guardian naga bites! You are frozen by the guardian naga! The guardian naga bites! The guardian naga bites! The guardian naga bites! The guardian naga bites! The guardian naga bites! The guardian naga bites! The guardian naga bites! The guardian naga bites! The guardian naga bites! The guardian naga bites! The guardian naga bites! You die... Do you want your possessions identified? [ynq] (y) Major events: Turn 1: rustyspoon the neutral female human Monk entered the dungeon 1207: attained the rank of Novice (level 3) 1239: entered the Gnomish Mines 1957: reached Mine Town 1998: attained the rank of Initiate (level 6) 2973: entered Sokoban 3269: completed sokoban 1 3810: completed sokoban 2 4330: completed sokoban 3 5118: completed sokoban 4 5863: acquired the Sokoban amulet of reflection 6565: destroyed MoonPig's ghost, the former Excursionist 8382: killed by a guardian naga, while paralyzed Inventory: Coins $ - 142 gold pieces Amulets X - an uncursed amulet of reflection (being worn) Weapons Q - 11 uncursed +0 darts (at the ready) Armor c - a blessed +1 robe C - an uncursed +0 cloak of invisibility (being worn) D - a cursed +0 pair of speed boots (being worn) E - an uncursed +2 pair of leather gloves (being worn) F - an uncursed +0 dwarvish iron helm (being worn) G - a blessed +1 dwarvish roundshield (being worn) Comestibles i - an uncursed clove of garlic j - a cursed food ration L - an uncursed lizard corpse named KFC M - an uncursed tripe ration R - 5 uncursed food rations Scrolls e - an uncursed scroll of teleportation w - an uncursed scroll of confuse monster P - an uncursed scroll of remove curse Potions B - an uncursed potion of healing V - an uncursed potion of sleeping Rings A - an uncursed ring of conflict Wands a - a cursed wand of light (0:13) b - a cursed wand of slow monster (0:3) d - an uncursed wand of striking (0:5) h - an uncursed wand of striking (0:4) p - an uncursed wand of lightning (0:4) q - an uncursed wand of digging (0:3) s - an uncursed wand of make invisible (0:4) x - an uncursed wand of secret door detection (0:11) I - an uncursed wand of magic missile (0:0) J - an uncursed wand of magic missile (0:0) N - an uncursed wand of light (0:14) O - an uncursed wand of striking (0:3) S - an uncursed wand of light (0:14) T - an uncursed wand of digging (0:6) U - an uncursed wand of light (0:12) W - an uncursed wand of sleep (0:6) Y - an uncursed wand of digging (0:4) Tools f - an uncursed magic whistle k - a cursed credit card l - an uncursed leash m - a cursed expensive camera (0:59) o - an uncursed +0 pick-axe t - a cursed magic whistle u - an uncursed +0 unicorn horn named smoky quaffed v - an uncursed oil lamp Gems/Stones g - an uncursed worthless piece of white glass n - an uncursed worthless piece of violet glass z - an uncursed worthless piece of red glass H - an uncursed worthless piece of black glass K - 2 uncursed opals Rustyspoon the Monk's attributes: Background: You were an Initiate, a level 9 female human Monk. You were neutral, on a mission for Chih Sung-tzu who was opposed by Shan Lai Ching (lawful) and Huan Ti (chaotic). You were in the Gnomish Mines, on level 9. You entered the dungeon 8382 turns ago. You had 3948 experience points, 1172 more were needed to attain level 10. Basics: You had 0 out of 64 hit points. You had all 64 energy points (spell power). Your armor class was 0. Your wallet contained 142 zorkmids. Autopickup was on for '$!?/"=' plus thrown, with exceptions. Final Characteristics: Your strength was 18/02 (peak:18/03, limit:18/100). Your dexterity was 13 (limit:18). Your constitution was 14 (limit:18). Your intelligence was 11 (limit:18). Your wisdom was 14 (limit:18). Your charisma was 8 (limit:18). Final Status: You were not hungry. You were unencumbered. You were empty handed. You had expert skill with martial arts. Final Attributes: You were piously aligned. You were sleep resistant. You were poison resistant. You saw invisible. You were warned. You had automatic searching. You were invisible to others. You were stealthy. You were warded. You were very fast. You had reflection. You are dead. Miscellaneous: You encountered 1 bones level. Total elapsed playing time was 1 hour, 13 minutes and 18 seconds. Vanquished creatures: a ghost 2 giant mimics a large mimic an ettin mummy an ogre leader an ochre jelly an elf mummy a red naga 2 carnivorous apes 2 Grey-elves an amorous demon a chameleon 4 giant beetles a wolf 6 orc-captains 3 iron piercers a horse an ogre a gold golem 2 lizards 2 chickatrices a dog 3 jaguars a blue jelly 2 white unicorns a gray unicorn 2 dust vortices 2 ravens 2 snakes a fire ant a quasit 2 wood nymphs a mountain nymph 6 Uruk-hai 5 orc shamans 2 rock piercers a rock mole 2 fog clouds 3 yellow lights a violet fungus 8 gnome leaders a gnomish wizard a kobold mummy 4 gray oozes an elf zombie a ghoul 2 giant ants 3 floating eyes 12 dwarves 2 homunculi 3 kobold leaders 17 hill orcs a rothe a rabid rat a centipede 2 giant bats a monkey an orc zombie 5 dwarf zombies a werejackal 3 iguanas a killer bee an acid blob a coyote a gas spore 3 hobbits 6 manes 2 large kobolds a hobgoblin a giant rat 6 cave spiders a brown mold a yellow mold 34 gnomes 4 geckos 4 jackals a fox 2 kobolds 5 goblins 4 sewer rats 8 grid bugs a bat 8 lichens 4 kobold zombies 3 newts 249 creatures vanquished. No species were genocided or became extinct. Voluntary challenges: You followed a strict vegan diet. You never hit with a wielded weapon. You read items or engraved 1 time. You never engraved Elbereth. You never genocided any monsters. You never polymorphed an object. You never changed form. You used no wishes. You did not violate any of the special Sokoban rules. Achievements: You entered a shop. You attained the rank of Novice. You entered the Gnomish Mines. You entered Minetown. You attained the rank of Initiate. You entered Sokoban. You completed Sokoban. The Dungeons of Doom: levels 1 to 10 Level 1: Level 2: "tele dig" An armor shop, an altar. Level 3: "locked chest" A fountain. Level 4: A fountain. Stairs down to The Gnomish Mines. Level 5: Many fountains. Level 6: Stairs up to Sokoban, level 5. Level 7: An altar to Chih Sung-tzu. Level 8: Level 9: A fountain. Final resting place for MoonPig-Tou-Hum-Fem-Neu, killed by a raven. Level 10: The Gnomish Mines: levels 5 to 10 Level 5: "sell stash" Level 6: Level 7: "stash 0-room" An altar to Chih Sung-tzu, some fountains. Level 8: "backup mithril" Level 9: "poly trap" <- You were here. Final resting place for you, killed by a guardian naga, while paralyzed. Level 10: Sokoban: levels 5 up to 2 Level 2: "backup unihorn" Solved. Level 3: Solved. Level 4: Solved. Level 5: "stash 0" Solved. Game over: ---------- / \ / REST \ / IN \ / PEACE \ / \ | rustyspoon | | 142 Au | | killed by a | | guardian naga | | | | | | 2022 | *| * * * | * _________)/\\_//(\/(/\)/\//\/|_)_______ Goodbye rustyspoon the Monk... You died in The Gnomish Mines on dungeon level 9 with 16400 points, and 142 pieces of gold, after 8382 moves. You were level 9 with a maximum of 64 hit points when you died.